 Dungeon Crawl Stone Soup version 0.22-a0-162-g33bf1272b0 (webtiles) character file.

205 MrRokkomies the Skirmisher (level 5, 0/44 HPs)
             Began as a Barachi Skald on Feb 12, 2018.
             Succumbed to a gnoll's poison
             ... on level 4 of the Dungeon.
             The game lasted 00:12:14 (2632 turns).

MrRokkomies the Skirmisher (Barachi Skald)          Turns: 2632, Time: 00:12:14

Health: 0/44       AC:  8    Str: 11 (12) XL:     5   Next: 83%
Magic:  5/8        EV: 16    Int: 12 (14) God:
Gold:   157        SH:  0    Dex: 16 (17) Spells: 3/8 levels left

rFire    . . .     SeeInvis .   a - +1 spear
rCold    . . .     Gourm    .   (no shield)
rNeg     . . .     Faith    .   r - +0 ring mail
rPois    .         Spirit   .   (no helmet)
rElec    .         Reflect  .   g - +0 cloak
rCorr    .         Harm     .   (no gloves)
MR       +....                  (no boots)
Stlth    ++........             (no amulet)
HPRegen  0.14/turn              p - ring of protection from magic
MPRegen  0.11/turn              (no ring)

@: agile, lethally poisoned (0 -> -10), very slightly contaminated, invisible,
slow
A: +LOS, swims, iridescent scales 1, slowness 1, evolution 1, strong legs 1
a: Hop


You were on level 4 of the Dungeon.
You were not hungry.

You visited 1 branch of the dungeon, and saw 5 of its levels.

You collected 157 gold pieces.

Inventory:

Hand Weapons
 a - a +1 spear (weapon)
 h - a +1 short sword of venom
Missiles
 i - 2 tomahawks (quivered)
 m - 20 sling bullets
Armour
 b - a +0 leather armour
 g - a +0 cloak (worn)
 r - a +0 ring mail (worn)
Jewellery
 p - a ring of protection from magic (left hand)
Scrolls
 e - a scroll of fear
 f - a scroll of teleportation
 n - a scroll of blinking
 q - 2 scrolls of enchant weapon
Potions
 l - 2 potions of agility
Books
 c - a book of Battle

   Spells                             Type                      Level
   a - Infusion                       Charms                       1
   b - Shroud of Golubria             Charms/Translocation         2
   c - Song of Slaying                Charms                       2
   d - Spectral Weapon                Hexes/Charms                 3
   e - Regeneration                   Charms/Necromancy            3
Comestibles
 d - 7 rations
 o - a chunk of flesh


   Skills:
 * Level 5.2 Fighting
 * Level 4.3 Polearms
 - Level 1.2 Armour
 - Level 2.1 Dodging
 - Level 2.1 Spellcasting
 - Level 3.2 Charms


You had 3 spell levels left.
You knew the following spells:

 Your Spells              Type           Power        Failure   Level  Hunger
a - Infusion              Chrm           #...         16%         1    ##.....
b - Shroud of Golubria    Chrm/Tloc      #.........   43%         2    ###....
c - Song of Slaying       Chrm           #.......     24%         2    ###....


Dungeon Overview and Level Annotations

Branches:
Dungeon (5/15)
 Temple: D:4-7

Altars:
Elyvilon
Sif Muna
Xom
Yredelemnul

Annotations:
D:5 RedPan's ghost, novice OpWz


Innate Abilities, Weirdness & Mutations

Shadows flee at your approach. (+LOS)
You can swim through water.
You cover ground slowly.
You can hop short distances.
You are partially covered in iridescent scales. (AC +2)
You evolve.


Message History

* * * LOW HITPOINT WARNING * * *
You feel sick.
It was a potion of invisibility.
You fade into invisibility!
* * * LOW HITPOINT WARNING * * *
You feel sick.
It was a potion of degeneration.
There was something very wrong with that liquid.
You feel weakened.
You feel dopey.
You feel clumsy.
* * * LOW HITPOINT WARNING * * *
You feel sick.
* * * LOW HITPOINT WARNING * * *
You feel sick.
You are no longer magically infusing your attacks.
* * * LOW HITPOINT WARNING * * *
You feel sick.
* * * LOW HITPOINT WARNING * * *
You feel sick.
You see here a spear of venom.
You die...

. #..##.##......#
#. #..##.##......#
#.##..##......#..#
...#.....###.###.#
........##.#
#..#.##
##...#..##.###.#(##
#.##.........#.#
#.#..........#)#
#.#..##..#.#.#@#
#.#..........).#
#.#...#..#.#.###
###.#..........#
)##..........###
.(.........###
############


There were no monsters in sight!

Vanquished Creatures
  2 worker ants
  A gnoll (D:4)
  5 adders
  A worm (D:2)
  2 dart slugs (D:2)
  2 leopard geckos
  15 orcs
  2 ball pythons (D:2)
  6 bats
  A giant cockroach (D:1)
  5 goblins
  10 hobgoblins
  A jackal (D:1)
  5 quokkas
  2 frilled lizards
  8 kobolds
  9 rats
77 creatures vanquished.

Notes
Turn   | Place    | Note
-------+----------+-------------------------------------------
     0 | D:1      | MrRokkomies the Barachi Skald began the quest for the Orb.
     0 | D:1      | Reached XP level 1. HP: 17/17 MP: 3/3
   115 | D:1      | Reached XP level 2. HP: 12/23 MP: 0/5
   128 | D:1      | Learned a level 2 spell: Shroud of Golubria
   291 | D:1      | Reached skill level 3 in Fighting
   768 | D:1      | Gained mutation: You are weak. (Str -2) [potion of mutation]
   768 | D:1      | Gained mutation: You have an increased reservoir of magic. (+10% MP) [potion of mutation]
   768 | D:1      | Gained mutation: You possess an exceptional clarity of mind. [potion of mutation]
   769 | D:1      | Lost mutation: You possess an exceptional clarity of mind. [potion of mutation]
   769 | D:1      | Lost mutation: You are weak. (Str -2) [potion of mutation]
   769 | D:1      | Lost mutation: You have an increased reservoir of magic. (+10% MP) [potion of mutation]
   769 | D:1      | Gained mutation: You are partially covered in iridescent scales. (AC +2) [potion of mutation]
   769 | D:1      | Gained mutation: You evolve. [potion of mutation]
   769 | D:1      | Gained mutation: Your spells are a little harder to cast, but a little more powerful. [potion of mutation]
   819 | D:2      | Reached XP level 3. HP: 21/29 MP: 3/6
   893 | D:2      | Lost mutation: Your spells are a little harder to cast, but a little more powerful. [evolution]
   968 | D:2      | Reached skill level 4 in Fighting
   968 | D:2      | Reached XP level 4. HP: 18/37 MP: 2/7
  1159 | D:2      | Found a shimmering altar of Xom.
  1729 | D:2      | Learned a level 2 spell: Song of Slaying
  1917 | D:3      | Found a deep blue altar of Sif Muna.
  1932 | D:3      | Reached XP level 5. HP: 40/43 MP: 4/8
  2309 | D:3      | You fall through a shaft for 2 floors!
  2309 | D:5      | Entered Level 5 of the Dungeon
  2310 | D:5      | Noticed RedPan's ghost (novice OpWz)
  2356 | D:4      | Found a white marble altar of Elyvilon.
  2439 | D:4      | Found a basalt altar of Yredelemnul.
  2493 | D:4      | Reached skill level 5 in Fighting
  2630 | D:4      | HP: 2/44 [poisoned by a gnoll]
  2632 | D:4      | Succumbed to a gnoll's poison

Vault maps used:
D:1:      mrwooster_arrival_statue_3, st_stairs_3
D:2:      marbit_many_paths, minmay_three_crescents
D:3:      nicolae_overflow_crystal_walls, first_ration, lemuel_blue_sif_altar,
          uniq_jessica
D:4:      kennysheep_ying_yang, temple_hall_moat, nicolae_ossuary_entry_ruins,
          cheibrodos_gnoll_hut
D:5:      minmay_divided_ellipse

Skill      XL: |  1  2  3  4  5 |
---------------+----------------+-----
Fighting       | 3 4 5 |  5.2
Polearms       | 3 4 |  4.3
Armour         | |  1.2
Dodging        | |  2.1
Spellcasting   | |  2.1
Charms         | |  3.2

Action                   |  1- 3 |  4- 6 || total
-------------------------+-------+-------++-------
Melee: Spear             |   109 |   258 ||   367
Throw: Tomahawk          |       |     2 ||     2
 Cast: Infusion          |     4 |     3 ||     7
       Shroud of Golubri |     2 |     6 ||     8
 Abil: Hop               |     2 |       ||     2
  Use: Scroll            |     5 |     7 ||    12
       Potion            |     4 |     3 ||     7
  Eat: Chunk             |     1 |     7 ||     8
Armor: Leather armour    |    29 |    52 ||    81
       Ring mail         |       |     8 ||     8
Dodge: Dodged            |    49 |   140 ||   189

Table legend:
 A = Spawn XP
 B = Non-spawn XP
 C = Spawn XP percentage of total XP
 D = Spawn monster count
 E = Non-spawn monster count
 F = Spawn count percentage of total count
 G = Total turns spent on level
                    A         B        C        D         E        F      G
               +---------+---------+-------+---------+---------+-------+---------
         Total |       0 |     294 |   0.0 |       0 |      77 |   0.0 |  2632
               +---------+---------+-------+---------+---------+-------+---------
           D:1 |       0 |      27 |   0.0 |       0 |      16 |   0.0 |   804
           D:2 |       0 |     110 |   0.0 |       0 |      35 |   0.0 |   936
           D:3 |       0 |      83 |   0.0 |       0 |      16 |   0.0 |   569
           D:4 |       0 |      74 |   0.0 |       0 |      10 |   0.0 |   319
               +---------+---------+-------+---------+---------+-------+---------
